 Dungeon Crawl Stone Soup version 0.30-a0-1161-g0704695555 (webtiles) character file.

Game seed: 6098140476429716246

65 ytrimaz the Ducker (level 4, -19/31 HPs)
             Began as an Octopode Fighter on Apr 27, 2023.
             Demolished by an ogre
             ... wielding a +0 giant club
              (30 damage)
             ... on level 3 of the Dungeon.
             The game lasted 00:02:16 (1680 turns).

ytrimaz the Ducker (Octopode Fighter)               Turns: 1680, Time: 00:02:16

Health: -19/31     AC:  1    Str: 15    XL:     4   Next: 13%
Magic:  4/4        EV: 13    Int: 10    God:
Gold:   109        SH:  5    Dex: 13    Spells: 3/3 levels left

rFire   + . .        a - +0 long sword (flame)
rCold   . . .        b - +0 buckler
rNeg    . . .        (helmet restricted)
rPois   .            (no amulet)
rElec   .            g - ring of protection from fire
rCorr   .            (no ring)
SInv    .            (no ring)
Will    .....        (no ring)
Stlth   ++           (no ring)
HPRegen 0.25/turn    (no ring)
MPRegen 0.09/turn    (no ring)
                     (no ring)

%: no passive effects
@: mighty
A: almost no armour, amphibious, 8 rings, camouflage 1, gelatinous body 1,
(nimble swimmer 1), tentacles
a: no special abilities


You were on level 3 of the Dungeon.
You visited 1 branch of the dungeon, and saw 3 of its levels.

You collected 109 gold pieces.


Innate Abilities, Weirdness & Mutations

You cannot wear most types of armour.
You are amphibious.
You can wear up to eight rings at the same time.
Your skin changes colour to match your surroundings (Stealth+).
Your rubbery body absorbs attacks. (AC +1, EV +1)
((You are camouflaged when in or above water. (Stealth+)))
You have tentacles for arms and can constrict up to eight enemies at once.


   Skills:
 - Level 3.0 Fighting
 + Level 2.9 Long Blades
 + Level 3.7 Dodging
 + Level 3.6 Shields


You had 3 spell levels left.
You didn't know any spells.
Your spell library contained the following spells:

 Spells                   Type           Power      Damage    Failure   Level
 Freeze                   Ice            0%         1d3       45%         1
 Frozen Ramparts          Ice            0%         1d1       83%         3
 Hailstorm                Conj/Ice       0%         3d3       83%         3

Inventory:

Hand Weapons
 a - a +0 long sword of flaming (weapon)
Armour
 b - a +0 buckler (worn)
Jewellery
 g - a ring of protection from fire (left tentacle)
   (You found it on level 2 of the Dungeon)
Scrolls
 i - a scroll of amnesia
 k - 2 scrolls of fear
Potions
 d - 2 potions of haste
 e - a potion of curing {unknown}
 h - a potion of brilliance {unknown}
 j - a potion of attraction {unknown}

Dungeon Overview and Level Annotations

Branches:
Dungeon (3/15) Zot: 16290

Altars:

Shops:
D:1

? ...........##
##.#.# #.##......##
###.# ..##.#...## #.#
####.##'## #.#
.....##.# )#
###.....# ###.....###
)..)......#########.#
###.............@O..#
#.........#########
###.......# #.......#
###...### #...# #.###
#. #


You could see an ogre.


Message History

😕 HP[+1]
The quokka closely misses you.
The kobold throws a stone.
The stone closely misses you.
The stone barely misses the quokka.
The quokka bites you.
There is a stone staircase leading up here.
The quokka attacks as you move away! The quokka bites you.
The kobold throws a stone.
The stone barely misses you.
The stone closely misses the quokka. 😕 HP[-5]
You take 5 damage, and now have 24/31 hp.
You miss the quokka. Your grab misses the quokka.
The quokka completely misses you.
The kobold throws a stone.
The stone barely misses you.
The stone hits the quokka but does no damage. 😕 HP[+1]
You slash the quokka! You burn the quokka.
You kill the quokka!
The kobold throws a stone.
You block the stone.
Unknown command.
There is a stone staircase leading up here.
The kobold throws a stone.
The stone hits you. 😕 HP[-1]
You take 1 damage, and now have 24/31 hp.
The kobold throws a stone.
The stone hits you.
Things that are here:
a +0 dagger; 5 stones; a kobold corpse The kobold throws a stone.
The stone hits you. The kobold closely misses you. 😮 HP[-2]
You take 2 damage, and now have 22/31 hp.
You closely miss the kobold. You grab the kobold.
You squeeze the kobold, but do no damage.
You constrict the kobold. The kobold misses you. You block the kobold's attack.
You are too injured to fight recklessly!
You hit the kobold. You burn the kobold.
You kill the kobold! 😮 HP[+1]
You are too injured to fight recklessly!
Things that are here:
a +0 whip; a stone Unknown command.
Key pressed, stopping explore.
You now have 102 gold pieces (gained 15).
You now have 109 gold pieces (gained 7).
Key pressed, stopping explore.
Key pressed, stopping explore.
e - a silvery potion 😎 HP[+8]
Your hp is fully restored (31).
A goblin comes into view. It is wielding a +0 club.
A goblin is nearby!
A goblin is nearby!
A goblin is nearby!
The goblin shouts!
The goblin unwields a +0 club.
The goblin wields a +0 sling.
The goblin shoots a sling bullet.
The sling bullet hits you but does no damage.
The goblin shoots a sling bullet.
The sling bullet hits you. 😕 HP[-6]
You take 6 damage, and now have 25/31 hp.
Unknown command.
The goblin unwields a +0 sling.
The goblin wields a +0 club.
The goblin hits you with a +0 club. 😮 HP[-2]
You take 2 damage, and now have 23/31 hp.
You are too injured to fight recklessly!
Unknown command.
You barely miss the goblin. Your grab misses the goblin. The goblin misses you.
You are too injured to fight recklessly!
You barely miss the goblin. You grab the goblin. You squeeze the goblin.
You constrict the goblin. The goblin misses you.
You are too injured to fight recklessly!
You hit the goblin. You burn the goblin.
You kill the goblin! 😕 HP[+1]
Things that are here:
a +0 club; a +0 sling; a goblin corpse No target in view!
You open the door.
There is an open door here.
You open the door.
There is an open door here.
An ogre comes into view.
It is wielding a +0 giant club. 😎 HP[+7]
Your hp is fully restored (31).
An ogre is nearby!
An ogre is nearby!
An ogre is nearby!
The helpless ogre fails to defend itself.
You hit the ogre but do no damage. You squeeze the ogre.
The ogre hits you with a +0 giant club!!
Ouch! That really hurt!
* * * LOW HITPOINT WARNING * * *
😨 HP[-20]
You take 20 damage, and now have 11/31 hp.
MASSIVE DAMAGE!! (PAUSE)
You feel very mighty all of a sudden.
The ogre hits you with a +0 giant club!!
Ouch! That really hurt!
You die...

Action                     |  1- 3 |  4- 6 || total
---------------------------+-------+-------++-------
  Melee: Long sword        |    85 |    12 ||    97
         Constrict         |    14 |     2 ||    16
         Tentacles         |    13 |     3 ||    16
    Use: Scroll            |     6 |     3 ||     9
         Potion            |       |     1 ||     1
   Stab: Sleeping          |     7 |     2 ||     9
 Armour: Skin              |     4 |     2 ||     6
  Dodge: Dodged            |    52 |    12 ||    64
  Block: Buckler           |    25 |     4 ||    29

Levels and vault maps discovered:
D:1:      sevenhm_arrival_forest_fort_small_4, layout_basic, serial_shops,
          nicolae_shop_tiny_statue_garden, minmay_pentomino_t4
D:2:      layout_rooms
D:3:      layout_loops_corners, shapermc_ecumenical_altar_starsandcircs,
          minmay_joined_circles

Notes
Turn   | Place    | Note
-------+----------+-------------------------------------------
     0 | D:1      | ytrimaz the Octopode Fighter began the quest for the Orb.
     0 | D:1      | Reached XP level 1. HP: 16/16 MP: 1/1
     0 | D:1      | magus.rc [v1.9.6]
    24 | D:1      | Found Lydghupne's Magic Scroll Boutique.
   242 | D:1      | Reached XP level 2. HP: 17/21 MP: 2/2
   817 | D:2      | Reached XP level 3. HP: 26/26 MP: 3/3
  1016 | D:2      | You pick up a book of Frost and begin reading...
  1016 | D:2      | You add the spells Freeze, Frozen Ramparts and Hailstorm to
                  | your library.
  1211 | D:2      | Reached XP level 4. HP: 20/31 MP: 4/4
  1672 | D:3      | Noticed an ogre
  1680 | D:3      | Demolished by an ogre

Vanquished Creatures
  An adder (D:2)
  A worm (D:2)
  2 dart slugs
  6 ball pythons
  8 endoplasms
  2 goblins
  3 hobgoblins (D:2)
  3 jackals (D:2)
  3 quokkas
  6 bats
  8 kobolds
  4 rats
47 creatures vanquished.

Table legend:
 A = Non-vault XP
 B = Vault XP
 C = Vault XP percentage of total XP
 D = Non-vault monster count
 E = Vault monster count
 F = Vault count percentage of total count
                 A         B        C        D         E       F
            +---------+---------+-------+---------+---------+-------
      Total |      90 |       3 |   3.2 |      44 |       3 |   6.4
            +---------+---------+-------+---------+---------+-------
        D:1 |      24 |       3 |  11.1 |      15 |       3 |  16.7
        D:2 |      58 |       0 |   0.0 |      25 |       0 |   0.0
        D:3 |       8 |       0 |   0.0 |       4 |       0 |   0.0
            +---------+---------+-------+---------+---------+-------

Action                     |  1- 3 |  4- 6 || total
---------------------------+-------+-------++-------
  Melee: Long sword        |    85 |    12 ||    97
         Constrict         |    14 |     2 ||    16
         Tentacles         |    13 |     3 ||    16
    Use: Scroll            |     6 |     3 ||     9
         Potion            |       |     1 ||     1
   Stab: Sleeping          |     7 |     2 ||     9
 Armour: Skin              |     4 |     2 ||     6
  Dodge: Dodged            |    52 |    12 ||    64
  Block: Buckler           |    25 |     4 ||    29

Illustrated notes

Table legend:
 A = Kills in this place as a percentage of kills in the entire game.
 B = Kills by you in this place as a percentage of kills by you in the entire game.
 C = Kills by friends in this place as a percentage of kills by friends in the entire game.
 D = Other kills in this place as a percentage of other kills in the entire game.
 E = Experience gained in this place as a percentage of experience gained in the entire game.
 F = Experience gained in this place divided by the number of levels of this place that you have seen.
                   A       B       C       D       E      F
               +-------+-------+-------+-------+-------+----------------------
         Total | 100.0 | 100.0 |   N/A |   N/A | 100.0 |  31.0
       Dungeon | 100.0 | 100.0 |   N/A |   N/A | 100.0 |  31.0
               +-------+-------+-------+-------+-------+----------------------

Table legend: (Time is in decaauts)
 A = Elapsed time spent in this place.
 B = Non-inter-level travel time spent in this place.
 C = Inter-level travel time spent in this place.
 D = Time resting spent in this place.
 E = Time spent auto-exploring this place.
 F = Levels seen in this place.
 G = Mean time per level.
                   A        B        C        D        E       F      G
               +--------+--------+--------+--------+--------+-----+--------+
         Total |   1708 |   1651 |     57 |    237 |   1085 |   3 |  569.3 |
       Dungeon |   1708 |   1651 |     57 |    237 |   1085 |   3 |  569.3 |
               +--------+--------+--------+--------+--------+-----+--------+

Top non-repeatable levels by time:
     D:1: 780 daAuts
     D:2: 736 daAuts
     D:3: 192 daAuts
